AoeStats
← THE REAL DEAL*

African Clearing

510872803Analyzed
4v4 RM · 1d ago on Oct 2, 2026· 51m 0s· 8 players
Game mode
Random Map
Map size
Large (8 player)
Population
200
Speed
Normal
Resources
Standard
Victory
Conquest
Starting age
Dark Age
Ending age
Imperial Age
RankedLock teamsTeams togetherTeam positionsShared explorationLock speedFull tech treeHidden civsTurbo modeCheats
Victory
Defeat
🇦🇷 Franks · Argentina
1073
+18
🇺🇸 Saxons · United States
1071
+18
🇪🇨 Poles · Ecuador
1037
+19
🇨🇱 Japanese · Chile
1004
+20
🇬🇧 Japanese · United Kingdom
1133
-20
🇺🇸 Goths · United States
1131
-19
🇫🇷 Vietnamese · France
1089
-18
🇨🇳 Berbers · China
1080
-18
mrbubbles019
8:41 Loom
13:56 Feudal Age
15:14 Double-Bit Axe
19:59 Castle Age
19:11 Gold Mining
19:07 Horse Collar
22:33 Fletching
25:23 Crossbowman
28:34 Bodkin Arrow
30:16 Padded Archer Armor
30:23 Town Watch
34:42 Man-at-Arms
35:07 Gambesons
35:23 Squires
35:09 Arson
35:56 Forging
35:46 Scale Mail Armor
36:44 Wheelbarrow
35:43 Long Swordsman
36:53 Bow Saw
37:47 Iron Casting
40:02 Chain Mail Armor
44:24 Imperial Age
43:59 Ballistics
44:31 Two-Handed Swordsman
45:43 Plate Mail Armor
46:25 Gold Shaft Mining
46:13 Hand Cart
47:41 Heavy Plow
47:37 Arbalester
49:28 Thumb Ring
48:57 Champion
52:00 Chemistry
51:03 Bracer
51:19 Leather Archer Armor
Jhaluck
5:41 Loom
16:01 Feudal Age
17:42 Double-Bit Axe
24:43 Scale Barding Armor
25:05 Forging
27:31 Castle Age
26:38 Gold Mining
28:42 Bow Saw
28:49 Husbandry
29:15 Chain Barding Armor
33:17 Iron Casting
36:03 Wheelbarrow
37:46 Stone Mining
39:05 Gold Shaft Mining
38:47 Treadmill Crane
39:24 Masonry
39:54 Hand Cart
42:19 Imperial Age
42:47 Cavalier
45:12 Blast Furnace
44:48 Plate Barding Armor
45:05 Conscription
46:10 Siege Engineers
47:08 Chemistry
46:00 Light Cavalry
49:05 Elite Throwing Axeman
49:57 Scale Mail Armor
Al3tas0
3:44 Loom
15:13 Feudal Age
16:34 Bloodlines
SargentMaravilla
13:03 Feudal Age
15:34 Loom
18:41 Castle Age
17:00 Double-Bit Axe
17:17 Horse Collar
22:41 Gambesons
22:56 Squires
22:41 Arson
23:00 Scale Mail Armor
28:11 Forging
31:39 Iron Casting
35:37 Chain Mail Armor
35:14 Town Watch
38:08 Pikeman
53:27 Imperial Age
THE REAL DEAL*
4:28 Loom
16:48 Feudal Age
18:09 Man-at-Arms
27:51 Castle Age
25:50 Double-Bit Axe
25:48 Horse Collar
36:35 Heavy Plow
38:01 Town Watch
39:23 Wheelbarrow
45:21 Hand Cart
45:11 Pikeman
45:53 Squires
Lampy
11:30 Loom
16:50 Feudal Age
17:07 Man-at-Arms
23:41 Castle Age
21:53 Horse Collar
23:19 Stone Mining
23:20 Gold Mining
23:16 Double-Bit Axe
26:22 Wheelbarrow
31:17 Bow Saw
33:14 Gold Shaft Mining
32:48 Scale Mail Armor
32:58 Forging
32:38 Fletching
35:01 Hand Cart
34:31 Town Watch
35:36 Bodkin Arrow
36:04 Chain Mail Armor
36:38 Heavy Plow
40:57 Imperial Age
41:59 Elite Skirmisher
44:08 Two-Man Saw
43:45 Imperial Skirmisher
44:31 Bracer
44:31 Padded Archer Armor
45:05 Plate Mail Armor
45:10 Iron Casting
44:10 Pikeman
44:51 Squires
46:17 Leather Archer Armor
45:43 Halberdier
47:05 Iron Casting
47:25 Conscription
bourras.d
5:59 Loom
12:47 Feudal Age
14:22 Double-Bit Axe
17:23 Wheelbarrow
17:32 Horse Collar
20:46 Bloodlines
20:45 Scale Barding Armor
22:14 Forging
26:23 Castle Age
26:40 Light Cavalry
27:47 Husbandry
30:49 Iron Casting
30:05 Fletching
35:29 Devotion
35:52 Sanctity
36:27 Heavy Plow
39:10 Bodkin Arrow
39:16 Padded Archer Armor
50:00 Imperial Age
378080739
7:28 Loom
18:05 Feudal Age
25:20 Castle Age
23:22 Double-Bit Axe
28:40 Bow Saw
29:08 Stone Mining
31:36 Fletching
31:46 Padded Archer Armor
34:16 Gold Mining
34:22 Gold Mining
34:50 Thumb Ring
35:24 Horse Collar
37:30 Heavy Plow
38:09 Ballistics
38:07 Bodkin Arrow
42:51 Imperial Age
42:15 Leather Archer Armor
42:06 Kasbah
43:03 Wheelbarrow
44:01 Conscription
43:04 Elite Camel Archer
43:45 Maghrebi Camels
44:43 Bracer
45:15 Ring Archer Armor
45:03 Hand Cart
46:22 Forging
46:19 Scale Barding Armor
46:29 Heavy Camel Rider
48:00 Iron Casting
47:38 Bloodlines
47:58 Husbandry
Connection lost

Rejoining the realm…

Still unreachable

The connection could not be restored.

Session expired

The server has moved on; the page needs a fresh start.